 Dungeon Crawl Stone Soup version 0.31-a0-202-g547052bce9 (webtiles) character file.

Game seed: 13055787215474915608

23 qw the Shooter (level 2, -1/16 HPs)
             Began as a Deep Elf Hunter on June 26, 2023.
             Succumbed to their own poison gas
             ... on level 1 of the Dungeon.
             The game lasted 00:00:14 (576 turns).

qw the Shooter (Deep Elf Hunter)                     Turns: 576, Time: 00:00:15

Health: -1/16      AC:  7    Str:  8    XL:     2   Next: 72%
Magic:  4/4        EV: 10    Int: 13    God:
Gold:   34         SH:  0    Dex: 18    Spells: 1/1 levels left

rFire   . . .        Y - +0 shortbow
rCold   . . .        (shield currently unavailable)
rNeg    . . .        d - +0 ring mail
rPois   .            (no helmet)
rElec   .            (no cloak)
rCorr   .            (no gloves)
SInv    .            (no boots)
Will    .....        (no amulet)
Stlth   +            (no ring)
HPRegen 0.22/turn    (no ring)
MPRegen 0.09/turn

%: no passive effects
@: brilliant, lethally poisoned (-1 -> -8)
A: iridescent scales 1, mutation resistance 1
a: no special abilities


You were on level 1 of the Dungeon.
You visited 1 branch of the dungeon, and saw 1 of its levels.

You collected 34 gold pieces.


Innate Abilities, Weirdness & Mutations

You are partially covered in iridescent scales. (AC +2)
You are somewhat resistant to further mutation.


   Skills:
 - Level 1.5 Fighting
 + Level 6.4 Ranged Weapons
 - Level 2.4 Dodging
 - Level 1.2 Stealth


You had one spell level left.
You didn't know any spells.
Your spell library was empty.

Inventory:

Hand Weapons
 Y - a +0 shortbow (weapon)
Armour
 d - a +0 ring mail (worn)
Potions
 h - a potion of mutation

Dungeon Overview and Level Annotations

Branches:
Dungeon (1/15)

Altars:


Message History

You hear a loud clanging noise!
It was a scroll of noise.
Done exploring.
569 ||| DRINKING 2 lumpy orange potions.
It was a potion of mutation.
You feel extremely strange.
You feel genetically stable.
Iridescent scales grow over part of your body.
Done exploring.
570 ||| DRINKING 2 grey potions.
It was a potion of brilliance.
You feel clever all of a sudden.
Done exploring.
571 ||| DROPPING scroll of butterflies.
You drop a scroll of butterflies.
Done exploring.
572 ||| DROPPING potion of brilliance.
You drop a potion of brilliance.
Done exploring.
(D) Dungeon
Where to? (* - list waypoints, ? - help)
What level of the Dungeon? (default 1, ? - help) Sorry, I don't know how to get there.
Enter note:
Enter note:
Enter note:
Enter note:
Enter note:
Enter note:
Enter note:
Enter note:
Enter note: Really walk into that cloud of poison gas?
You are engulfed in poison gas.
You are lethally poisoned!
You feel very sick.
574 ||| Stepping ~*~*~tactically~*~*~ (cloud).
You feel very sick.
Things that are here:
a potion of brilliance; a scroll of butterflies; a +0 leather armour
There is a lethal amount of poison in your body!
You feel sick.
There is a lethal amount of poison in your body!
You die...

.............7# #.[##
..........7...# #..# #
..#\#........7# #..# #
###.#.......7# #######..## #
..####.....## #00.......# #
.....####\## #0####..#.# # ####.#
#.# ##.## #..#.# # ###.####.#
#¤.0# #..#.######## ##.#.##...#
#0@.# #............
#.#.....#######.¤¤###......######
##...##.####..¤0¤>.0..#..#.#
##..###....¤.0000¤¤000#..#.#
##..# ######0.¤0¤.¤¤0.¤¤.#.#
##..# ####0¤0¤0.0¤..#.# ##..#
#¤.0¤000¤¤.#.# ##..#
#¤¤.00¤.¤0##.# ....#
######.......##.#


There were no monsters in sight!

Vanquished Creatures
  4 bats (D:1)
  An endoplasm (D:1)
  2 goblins (D:1)
  A hobgoblin (D:1)
  2 jackals (D:1)
  5 kobolds (D:1)
  A quokka (D:1)
  4 ball pythons (D:1)
  A rat (D:1)
21 creatures vanquished.

Notes
Turn   | Place    | Note
-------+----------+-------------------------------------------
     0 | D:1      | qw the Deep Elf Hunter began the quest for the Orb.
     0 | D:1      | Reached XP level 1. HP: 12/12 MP: 3/3
     0 | D:1      | 0 ||| qw: Version: 0.3-a-22-g0ed2b0b
     0 | D:1      | 0 ||| qw: Game counter: 6294
     0 | D:1      | 0 ||| qw: Melee chars always use a shield: true
     0 | D:1      | 0 ||| qw: God list: Okawaru
     0 | D:1      | 0 ||| qw: Allow faded altars: false
     0 | D:1      | 0 ||| qw: Do Orc after clearing Dungeon:15 true
     0 | D:1      | 0 ||| qw: Do second Lair branch before Depths: true
     0 | D:1      | 0 ||| qw: Lair rune preference: random
     0 | D:1      | 0 ||| qw: Goals: Normal
     0 | D:1      | 0 ||| PLANNING D:1-11
    64 | D:1      | Reached XP level 2. HP: 16/16 MP: 4/4
   143 | D:1      | Reached skill level 6 in Ranged Weapons
   554 | D:1      | 554 ||| UPGRADING to +0 ring mail.
   564 | D:1      | 564 ||| DROPPING +0 leather armour.
   565 | D:1      | 565 ||| READING scroll labelled TOLYANT SEFE.
   566 | D:1      | 566 ||| READING scroll labelled IKLYUM ZADWA.
   567 | D:1      | 567 ||| READING scroll labelled HAFOT FAYNIRUU.
   568 | D:1      | 568 ||| READING scroll labelled BEDU NOODWAGOT.
   569 | D:1      | 569 ||| DRINKING 2 lumpy orange potions.
   569 | D:1      | Gained mutation: You are somewhat resistant to further
                  | mutation. [potion of mutation]
   569 | D:1      | Gained mutation: You are partially covered in iridescent
                  | scales. (AC +2) [potion of mutation]
   570 | D:1      | 570 ||| DRINKING 2 grey potions.
   571 | D:1      | 571 ||| DROPPING scroll of butterflies.
   572 | D:1      | 572 ||| DROPPING potion of brilliance.
   574 | D:1      | 574 ||| Stepping ~*~*~tactically~*~*~ (cloud).
   574 | D:1      | HP: 3/16 [poisoned by you (poison gas)]
   575 | D:1      | HP: 1/16 [poisoned by you (poison gas)]
   576 | D:1      | Succumbed to their own poison gas

Levels and vault maps discovered:
D:1:      nzn_arrival_settlement, layout_loops_ring, st_stairs_5

Skill      XL: |  1  2 |
---------------+-------+-----
Ranged Weapons | 6 |  6.4
Fighting       | |  1.5
Dodging        | |  2.4
Stealth        | |  1.2

Action                     || total
---------------------------++-------
   Fire: Shortbow          ||    44
    Use: Scroll            ||     4
         Potion            ||     2
 Armour: Leather armour    ||     3
  Dodge: Dodged            ||    14

Table legend:
 A = Non-vault XP
 B = Vault XP
 C = Vault XP percentage of total XP
 D = Non-vault monster count
 E = Vault monster count
 F = Vault count percentage of total count
                 A         B        C        D         E       F
            +---------+---------+-------+---------+---------+-------
      Total |      26 |       7 |  21.2 |      17 |       4 |  19.0
            +---------+---------+-------+---------+---------+-------
        D:1 |      26 |       7 |  21.2 |      17 |       4 |  19.0
            +---------+---------+-------+---------+---------+-------
